 Dungeon Crawl Stone Soup version 0.28.0-53-g5a82cb258f (webtiles) character file.

Game seed: 10040589555347820358

56 wingedge the Magician (level 3, 0/33 HPs)
             Began as a Troll Hedge Wizard on May 29, 2022.
             Succumbed to an adder's poison
             ... on level 2 of the Dungeon.
             The game lasted 00:03:53 (1050 turns).

wingedge the Magician (Troll Hedge Wizard)          Turns: 1050, Time: 00:03:53

Health: 0/33       AC:  4    Str: 20    XL:     3   Next: 71%
Magic:  5/5        EV: 10    Int: 10    God:
Gold:   23         SH:  0    Dex:  9    Spells: 5/6 levels left

rFire   . . .      SeeInvis .   e - +0 battleaxe
rCold   . . .      Faith    .   (shield currently unavailable)
rNeg    . . .      Spirit   .   b - +0 robe
rPois   .          Reflect  .   c - +0 hat
rElec   .          Harm     .   (no cloak)
rCorr   .          Rampage  .   (gloves unavailable)
Will    .....                   (boots unavailable)
Stlth   +.........              (no amulet)
HPRegen 0.91/turn               (no ring)
MPRegen 0.09/turn               (no ring)

@: lethally poisoned (0 -> -12)
A: large, unfitting armour, claws 3, regeneration 1, shaggy fur 1, tough skin 1
a: no special abilities


You were on level 2 of the Dungeon.
You visited 1 branch of the dungeon, and saw 2 of its levels.

You collected 23 gold pieces.

Inventory:

Hand Weapons
 a - a +0 dagger
 e - a +0 battleaxe (weapon)
 i - a +0 hunting sling
Armour
 b - a +0 robe (worn)
 c - a +0 hat (worn)
Jewellery
 f - a ring of ice
Scrolls
 d - a scroll of fear {unknown}
 g - a scroll of amnesia {unknown}
 h - a scroll of fog {unknown}
 j - a scroll of holy word {unknown}


   Skills:
 - Level 1.0 Fighting
 * Level 1.8 Axes
 - Level 2.0 Dodging
 - Level 1.0 Stealth
 - Level 1.2 Unarmed Combat
 - Level 2.0 Spellcasting
 - Level 0.6 Conjurations
 - Level 0.6 Summonings
 - Level 0.6 Translocations


You had 5 spell levels left.
You knew the following spells:

 Your Spells              Type           Power      Damage    Failure   Level
a - Magic Dart            Conj           8%         1d3       24%         1

Your spell library contained the following spells:

 Spells                   Type           Power      Damage    Failure   Level
 Slow                     Hex            4%         N/A       30%         1
 Blink                    Tloc           4%         N/A       36%         2
 Call Imp                 Summ           2%         N/A       36%         2
 Conjure Flame            Conj/Fire      1%         6-21      63%         3
 Mephitic Cloud           Conj/Pois/Air  1%         N/A       65%         3


Dungeon Overview and Level Annotations

Branches:
Dungeon (2/15)

Altars:


Innate Abilities, Weirdness & Mutations

You are too large for most types of armour.
You have claws for hands.
Your natural rate of healing is unusually fast.
You are covered in fur. (AC +1)
You have tough skin. (AC +1)


Message History

The bat hits you but does no damage. x2; The adder barely misses you.
The bat hits you. The bat hits you but does no damage.
The adder barely misses you. The adder bites you but does no damage.
You barely miss the adder. The bat barely misses you.
The bat hits you but does no damage. The adder closely misses you.
The adder misses you.
You barely miss the adder. You slash the bat!
You kill the bat!
The bat closely misses you.
The adder bites you but does no damage. x2
You closely miss the adder. The bat hits you but does no damage.
The adder bites you but does no damage. The bat barely misses you.
The adder closely misses you.
You miss the adder. You miss the bat. The bat hits you but does no damage.
The adder bites you but does no damage. The bat barely misses you.
The adder bites you.
You are poisoned.
The adder poisons you!
You closely miss the adder. You closely miss the bat.
You feel sick. The bat hits you. The adder bites you.
You are more poisoned.
The adder poisons you! The adder closely misses you.
You barely miss the adder. You barely miss the bat.
You feel sick. The bat hits you but does no damage. The adder bites you.
You are more poisoned.
The adder poisons you! The bat barely misses you. The adder bites you.
You are more poisoned.
The adder poisons you!
You miss the adder.
You feel very sick. The bat completely misses you. The adder bites you.
* * * LOW HITPOINT WARNING * * *
You are lethally poisoned!
The adder poisons you! The adder bites you.
* * * LOW HITPOINT WARNING * * *
You are more poisoned.
The adder poisons you!
You aren't carrying any potions.
Unknown command.
You closely miss the adder. You barely miss the bat.
You die...

# #.#.............. #.#
##.#...####........
##.###....#.## #........
.........##..###........
.........###.....>......
.........# ##...........
.........# #...........
.........# #..))b......
.........####..†@.......
.....<..........S.......
.........####.#.##......
#.##..#.#####.... ......
..##.............# .....
....##..######.#.. .....
....##..#####..##.. .#.#
.##....†##....#...# ....
#####........(....


You could see an adder and a bat.

Vanquished Creatures
  2 adders
  A dart slug (D:2)
  6 ball pythons (D:1)
  2 endoplasms
  A giant cockroach (D:2)
  4 hobgoblins
  A quokka (D:1)
  4 bats
  2 frilled lizards (D:1)
  2 goblins (D:1)
  6 kobolds
  7 rats
38 creatures vanquished.

Notes
Turn   | Place    | Note
-------+----------+-------------------------------------------
     0 | D:1      | wingedge the Troll Hedge Wizard began the quest for the
                  | Orb.
     0 | D:1      | Reached XP level 1. HP: 16/16 MP: 2/2
   200 | D:1      | Reached XP level 2. HP: 26/26 MP: 4/4
   213 | D:1      | Reached skill level 1 in Unarmed Combat
   811 | D:1      | Reached skill level 1 in Fighting
   811 | D:1      | Reached XP level 3. HP: 4/33 MP: 5/5
   854 | D:2      | Reached skill level 1 in Axes
  1050 | D:2      | Succumbed to an adder's poison

Illustrated notes

Levels and vault maps discovered:
D:1:      saegor_arrival_fortress, layout_basic, grunt_decor_fettered
D:2:      layout_rooms, minmay_misc_feat_columns, minmay_tetromino_o2,
          uniq_crazy_yiuf_cottage

Skill      XL: |  1  2  3 |
---------------+----------+-----
Unarmed Combat | 1 |  1.2
Fighting       | 1 |  1.0
Dodging        | 2 |  2.0
Axes           | 1 |  1.8
Stealth        | |  1.0
Spellcasting   | |  2.0
Conjurations   | |  0.6
Summonings     | |  0.6
Translocations | |  0.6

Action                   || total
-------------------------++-------
Melee: Unarmed           ||    42
       Battleaxe         ||   118
 Cast: Magic Dart        ||     2
 Stab: Sleeping          ||     1
Armor: Robe              ||   112
Dodge: Dodged            ||   177
